 Dungeon Crawl Stone Soup version 0.32-a0-473-gd044c6f0f0 (webtiles) character file.

Game seed: 140750100168030405

1597738 whatisthis the Hand of Fortune (level 25, 230/230 HPs)
             Began as a Demonspawn Artificer on Feb 25, 2024.
             Was the Champion of Nemelex Xobeh.
             Escaped with the Orb
             ... and 3 runes on Feb 26, 2024!
             The game lasted 04:38:12 (71669 turns).

whatisthis the Hand of Fortune (DsAr)              Turns: 71669, Time: 04:38:12

Health: 230/230    AC: 30    Str: 14 (16) XL:     25   Next: 10%
Magic:  40/40      EV: 28    Int:  9 (14) God:    Nemelex Xobeh [******]
Gold:   5981       SH: 20    Dex: 28      Spells: 24/24 levels left

rFire   + + .        F - +6 double sword (elec)
rCold   + + .        z - +4 kite shield {AC+3}
rNeg    + . .        E - +10 ring mail of Izicwov {*Corrode rElec rC++ Str+4}
rPois   +            (helmet unavailable)
rElec   +            Q - +2 cloak
rCorr   .            a - +1 pair of gloves "Ciaceg" {Rampage rN+}
SInv    +            s - +2 pair of boots
Will    +....        t - amulet of the acrobat
Stlth   +            V - ring of protection from fire
HPRegen 0.58/turn    x - ring of poison resistance
MPRegen 0.54/turn

%: corrode self (3%), acrobat, guardian spirit, rampage
@: studying Long Blades
A: antennae 3, molten scales 3, spiny 3, augmentation 3, magic shield, magic
regeneration, magic link, agile 1, clever 1, screaming 1, electricity resistance
0: Orb of Zot
}: 3/15 runes: serpentine, barnacled, silver
a: Renounce Religion, Draw Escape, Draw Destruction, Draw Summoning, Triple
Draw, Deal Four, Stack Five


You escaped.
You worshipped Nemelex Xobeh.
Nemelex Xobeh was exalted by your worship.
You visited 9 branches of the dungeon, and saw 46 of its levels.

You collected 7670 gold pieces.
You spent 1689 gold pieces at shops.

Inventory:

Hand Weapons
 u - a +4 great sword of holy wrath
 F - a +6 double sword of electrocution (weapon)
Missiles
 p - 32 poisoned darts (quivered)
 G - 7 curare-tipped darts
 L - 8 throwing nets
Armour
 a - the +1 pair of gloves "Ciaceg" (worn) {Rampage rN+}
   (You found it on level 5 of the Vaults)

   rN+:       It protects you from negative energy.
   Rampage:   It bestows one free step when moving towards enemies.
 s - a +2 pair of boots (worn)
 z - a +4 kite shield of protection (worn)
 E - the +10 ring mail of Izicwov (worn) {*Corrode rElec rC++ Str+4}
   (You found it on level 6 of the Dungeon)

   Str+4:     It affects your strength (+4).
   rC++:      It greatly protects you from cold.
   rElec:     It insulates you from electricity.
   *Corrode:  It may corrode you when you take damage.
 Q - a +2 cloak (worn)
Jewellery
 f - a ring of flight
 g - a +5 ring of evasion
 j - a ring of willpower
 t - an amulet of the acrobat (around neck)
 w - a ring of protection from fire
 x - a ring of poison resistance (right hand)
 O - a +4 ring of protection
 P - a ring of willpower
 V - a ring of protection from fire (left hand)
 W - a ring of protection from cold
Wands
 c - a wand of flame (69)
 d - a wand of charming (32)
 e - a wand of mindburst (14)
 h - a wand of roots (40)
 q - a wand of quicksilver (20)
 R - a wand of digging (19)
 S - a wand of polymorph (31)
Scrolls
 i - a scroll of vulnerability
 y - 6 scrolls of fear
 A - a scroll of summoning
 J - 11 scrolls of immolation
 K - 4 scrolls of fog
 N - 13 scrolls of identify
 T - 4 scrolls of silence
 U - 5 scrolls of poison
 Y - 10 scrolls of teleportation
Potions
 b - 2 potions of haste
 k - 4 potions of invisibility
 l - 7 potions of curing
 m - 3 potions of heal wounds
 n - 5 potions of enlightenment
 o - 7 potions of brilliance
 r - a potion of attraction
 B - a potion of resistance
 D - 7 potions of magic
 H - 11 potions of mutation
 I - 3 potions of might
 X - 2 potions of cancellation
 Z - 2 potions of berserk rage
Miscellaneous
 M - a phantom mirror


   Skills:
 + Level 26.2 Fighting
 - Level 16.4 Long Blades
 - Level 1.7 Armour
 + Level 20.2 Dodging
 - Level 0.8 Stealth
 - Level 13.7 Shields
 + Level 26.9 Invocations
 - Level 8.1 Evocations


You had 24 spell levels left.
You didn't know any spells.
Your spell library contained the following spells:

 Spells                   Type           Power      Damage    Failure   Level
 Apportation              Tloc           0%         N/A       85%         1
 Kiss of Death            Conj/Necr      0%         2d5       85%         1
 Magic Dart               Conj           0%         1d3       85%         1
 Necrotise                Necr           0%         1d4       85%         1
 Slow                     Hex            0%         N/A       85%         1
 Sting                    Conj/Alch      0%         1d3       85%         1
 Summon Small Mammal      Summ           0%         N/A       85%         1
 Blink                    Tloc           0%         N/A       94%         2
 Call Imp                 Summ           0%         N/A       94%         2
 Cigotuvi's Dreadful Rot  Necr/Alch/Air  0%         N/A       94%         2
 Jinxbite                 Hex            0%         N/A       94%         2
 Mercury Vapours          Alch/Air       0%         N/A       94%         2
 Momentum Strike          Conj/Tloc      0%         3d8       94%         2
 Scorch                   Fire           0%         2d5       94%         2
 Searing Ray              Conj           0%         2d4       94%         2
 Static Discharge         Conj/Air       0%         3-3/arc   94%         2
 Confusing Touch          Hex            0%         N/A       99%         3
 Frozen Ramparts          Ice            0%         1d1       99%         3
 Fugue of the Fallen      Necr           0%         N/A       99%         3
 Hailstorm                Conj/Ice       0%         3d5       99%         3
 Mephitic Cloud           Conj/Alch/Air  0%         N/A       99%         3
 Ozocubu's Armour         Ice            0%         N/A       99%         3
 Sigil of Binding         Hex            0%         N/A       99%         3
 Stone Arrow              Conj/Erth      0%         3d7       99%         3
 Summon Ice Beast         Ice/Summ       0%         N/A       99%         3
 Tukima's Dance           Hex            0%         N/A       99%         3
 Vampiric Draining        Necr           0%         2d6       99%         3
 Animate Armour           Summ/Erth      0%         N/A       100%        4
 Animate Dead             Necr           0%         N/A       100%        4
 Brom's Barrelling Bould  Conj/Erth      0%         2d3       100%        4
 Dimensional Bullseye     Hex/Tloc       0%         N/A       100%        4
 Dispel Undead            Necr           0%         3d6       100%        4
 Flame Wave               Conj/Fire      0%         2d4       100%        4
 Fulminant Prism          Conj/Alch      0%         3d5       100%        4
 Ignite Poison            Fire/Alch      0%         N/A       100%        4
 Iskenderun's Mystic Bla  Conj/Tloc      0%         2d3       100%        4
 Leda's Liquefaction      Alch/Erth      0%         N/A       100%        4
 Manifold Assault         Tloc           0%         N/A       100%        4
 Martyr's Knell           Necr/Summ      0%         N/A       100%        4
 Olgreb's Toxic Radiance  Alch           0%         N/A       100%        4
 Passage of Golubria      Tloc           0%         N/A       100%        4
 Petrify                  Alch/Erth      0%         N/A       100%        4
 Vhi's Electric Charge    Tloc/Air       0%         N/A       100%        4
 Alistair's Intoxication  Alch           0%         N/A       100%        5
 Arcjolt                  Conj/Air       0%         1d10      100%        5
 Borgnjor's Vile Clutch   Necr/Erth      0%         N/A       100%        5
 Curse of Agony           Necr           0%         N/A       100%        5
 Fireball                 Conj/Fire      0%         3d3       100%        5
 Freezing Cloud           Conj/Ice/Air   0%         6-21      100%        5
 Iskenderun's Battlesphe  Conj           0%         2d6       100%        5
 Lee's Rapid Deconstruct  Erth           0%         3d4*      100%        5
 Metabolic Englaciation   Hex/Ice        0%         N/A       100%        5
 Silence                  Hex/Air        0%         N/A       100%        5
 Summon Forest            Summ/Tloc      0%         N/A       100%        5
 Summon Mana Viper        Hex/Summ       0%         N/A       100%        5
 Yara's Violent Unravell  Hex/Alch       0%         3d3       100%        5
 Bombard                  Conj/Erth      0%         9d1       100%        6
 Conjure Ball Lightning   Conj/Air       0%         3x3d6     100%        6
 Death Channel            Necr           0%         N/A       100%        6
 Plasma Beam              Fire/Air       0%         2x1d10    100%        6
 Sculpt Simulacrum        Ice/Alch       0%         N/A       100%        6
 Starburst                Conj/Fire      0%         6d3       100%        6
 Summon Cactus Giant      Summ           0%         N/A       100%        6
 Haunt                    Necr/Summ      0%         N/A       100%        7
 Monstrous Menagerie      Summ           0%         N/A       100%        7
 Orb of Destruction       Conj           0%         9d5       100%        7
 Ozocubu's Refrigeration  Ice            0%         4d7       100%        7
 Spellforged Servitor     Conj/Summ      0%         N/A       100%        7
 Borgnjor's Revivificati  Necr           0%         N/A       100%        8
 Lehudib's Crystal Spear  Conj/Erth      0%         10d2      100%        8
 Maxwell's Capacitive Co  Air            0%         ∞         100%        8
 Death's Door             Necr           0%         N/A       100%        9
 Polar Vortex             Ice            0%         N/A       100%        9
 Shatter                  Erth           0%         3d5*      100%        9


Dungeon Overview and Level Annotations

Branches:
Dungeon (15/15)            Temple (0/1) D:6            Lair (5/5) D:9
 Shoals (4/4) Lair:2        Snake (4/4) Lair:2        Slime (0/5) Lair:5
    Orc (2/2) D:11            Elf (2/3) Orc:2        Vaults (5/5) D:14
  Crypt (0/3) Vaults:3     Depths (4/4) D:15            Zot (5/5) Depths:4

Altars:
Ashenzari
Cheibriados
Dithmenos
Fedhas
Hepliaklqana
Kikubaaqudgha
Makhleb
Nemelex Xobeh
Xom
Beogh

Shops:
Orc:2 :*([   Shoals:1 !   Snake:3 [   Vaults:3 [[[   Depths:3 [:?

Portals:
Hell: Depths:1 Depths:2* Depths:4
Abyss: Depths:3
Pandemonium: Depths:1 Depths:2
Ziggurat: Depths:4

Annotations:
D:5 Edmund
D:15 1 runed translucent door, Xoisk's ghost, journeyman OnCA
Lair:2 exclusion: door
Lair:5 3 runed translucent doors, Biteasusk's ghost, journeyman MiFi
Shoals:1 3 runed translucent doors, Otiqe's ghost, adept DsWn; Roxanne
Elf:2 3 runed translucent doors, exclusion: 3 doors
Vaults:4 3 runed translucent doors, exclusion: 3 doors, Ruich's ghost, adept TeBe
Depths:3 Mennas
Zot:1 1 runed translucent door, exclusion: door, Rudyous's ghost, veteran DrIE
Zot:5 36 runed translucent doors


Innate Abilities, Weirdness & Mutations

You have a pair of large antennae on your head. (SInv)
You are completely covered in molten scales. (AC +4, rF+)
You are completely covered in sharp spines.
Your magical and physical power is greatly enhanced at high health.
When hurt, damage is shared between your health and your magic reserves.
You regenerate magic rapidly.
When low on magic, you restore magic in place of health.
You are agile. (Dex +4, Str/Int -1)
Your mind is acute. (Int +4, Str/Dex -1)
You occasionally shout uncontrollably at your foes.
You are resistant to electric shocks. (rElec)


Message History

Edmund is nearby!
Aiming: Dig
Press: ? - help, Shift-Dir - straight line A rock wall.
This square is covered in magical glow.
The rock shatters into small pieces.
Edmund shouts!
Edmund zaps a wand.
You block the puff of flame.
There is an escape hatch in the ceiling here.
A mysterious force pulls you upwards. The hatch slams shut behind you.
An Orb Guardian comes into view.
You yell at the Orb Guardian!
Aiming: Dig
Press: ? - help, Shift-Dir - straight line A rock wall.
This square is covered in magical glow.
The rock shatters into small pieces.
There is a stone staircase leading up here.
You climb upwards.
There is a stone staircase leading down here.
Things that are here:
a +0 club; a +0 trident; a goblin skeleton
Items here: )))) [ ÷÷.
There is a stone staircase leading up here.
You climb upwards.
There is a stone staircase leading down here.
You sense a monster nearby.
Aiming: Dig
Press: ? - help, Shift-Dir - straight line A rock wall.
This square is covered in magical glow.
The rock shatters into small pieces.
There is a stone staircase leading up here.
You climb upwards.
There is a stone staircase leading down here.
You open the door.
You sense a monster nearby.
There is an open door here.
There is a staircase leading out of the dungeon here.
You have escaped!

#.####.#.§§§.#{....###.# ##.##
###.....#{........# ######...##
#.....#####.##### ## ..........#
#.....# #.# #. .....#....#
#.....# #.# #. ......†.#.#
#.....# #.# ###. .....#.[#[##
##...## #.# #...
.........#.##♣##.##♣ #.#####...
##.#.#..###.#♣§#@#§♣ #.##....).
##.#.#.## ##.♣§###.♣ #.##.#....
.....##.###..♣§.#§.♣# #.##......
.##......#..##..##..####.###.#...
.##..............>....)#.# #)#...
.##.......#)#.#.######.#.# #.####
.......[..#.....# #.#.# #.#
####.##.####...#######.#.###.#
####.##.................>....#


There were no monsters in sight!

Vanquished Creatures
  3 dread liches
  2 ancient liches
  3 orbs of fire
  A juggernaut (Depths:2)
  10 Killer Klowns (Zot:5)
  Vv (Depths:3)
  Bai Suzhen (Shoals:4)
  2 curse toes
  4 caustic shrikes (Depths:3)
  14 golden dragons
  A bone dragon (Depths:4)
  3 liches
  Jorgrun (D:12)
  19 tentacled monstrosities
  4 titans
  25 Orb Guardians
  3 walking divine tomes
  4 quicksilver dragons
  5 sphinxes
  6 tengu reavers
  Polyphemus (Shoals:2)
  9 death cobs
  Donald (Shoals:3)
  17 storm dragons
  5 shadow dragons
  4 draconian monks
  8 frost giants
  4 protean progenitors (Zot:3)
  6 draconian scorchers
  2 draconian knights
  8 fire giants
  A deep elf sorcerer (Vaults:5)
  2 iron dragons (Depths:2)
  3 nagarajas
  5 draconian shifters
  5 ghost moths
  12 vault wardens
  2 orc warlords
  A draconian stormcaller (Zot:2)
  3 draconian annihilators
  A curse skull (Vaults:3)
  17 ironbound preservers
  A reaper (Depths:2)
  3 spriggan defenders
  2 broodmothers (Zot:3)
  2 formless jellyfish (Vaults:4)
  10 very ugly things
  5 ironbound thunderhulks
  9 stone giants
  11 green draconians
  5 black draconians
  A vampire knight (D:15)
  2 deep elf death magi
  13 dire elephants
  5 war gargoyles
  A deep elf demonologist (Elf:2)
  9 yellow draconians
  14 red draconians
  2 deep elf annihilators
  A broodmother (shapeshifter) (Vaults:5)
  5 purple draconians
  11 white draconians
  A crystal guardian (Zot:2)
  9 merfolk impalers
  4 fire dragons
  2 merfolk javelineers
  12 ettins
  Josephine (Lair:5)
  8 great orbs of eyes
  12 yaktaur captains
  10 ice dragons
  2 rakshasas
  An entropy weaver (Vaults:1)
  3 deep elf high priests
  A peacekeeper (Vaults:4)
  3 salamander tyrants (Snake:4)
  3 ogre magi
  27 vault guards
  Erolcha (Orc:2)
  2 alligators (Zot:3)
  A hell beast (Depths:1)
  9 hydras
  4 ironbound frosthearts
  4 alligator snapping turtles
  5 spriggan air magi
  A death knight (D:15)
  3 catoblepae
  5 satyrs
  11 anacondas
  11 dancing weapons
  2 deep troll shamans
  A sphinx zombie (D:15)
  3 boulder beetles
  8 death yaks
  13 centaur warriors
  12 naga warriors
  10 two-headed ogres
  2 vampire magi
  12 naga sharpshooters
  8 shock serpents
  A titan zombie (Vaults:4)
  6 deep troll earth magi
  An orc high priest (Orc:2)
  4 tengu warriors
  4 spriggan berserkers
  5 deep elf knights
  An occultist (Depths:1)
  Urug (D:12)
  2 hell knights (Depths:1)
  2 soul eaters
  3 salamander mystics
  A storm dragon zombie (Vaults:4)
  3 skysharks
  3 sun demons
  5 skeletal warriors
  A fire crab (shapeshifter) (Elf:2)
  3 iron trolls
  An orb spider (Zot:4)
  2 deep trolls (shapeshifter)
  3 flayed ghosts
  6 mana vipers
  4 naga ritualists
  11 arcanists
  7 sea snakes
  A glowing orange brain (Depths:4)
  2 glowing orange brains (shapeshifter)
  A death drake (shapeshifter) (Depths:2)
  A sun moth (Vaults:5)
  58 deep trolls
  3 deep elf archers
  9 lindwurms
  A snapping turtle (shapeshifter) (Depths:2)
  18 ironbound convokers
  9 deep elf pyromancers
  5 necromancers
  Pikel (D:8)
  8 deep elf zephyrmancers
  10 orc knights
  7 harpies
  7 phantasmal warriors (Vaults:5)
  A frost giant zombie (Vaults:4)
  A cyclops (shapeshifter) (Depths:2)
  A faun (shapeshifter) (Vaults:4)
  A spectral deep troll (Depths:1)
  37 ugly things
  A fire giant zombie (Vaults:4)
  3 orc sorcerers
  23 moths of wrath
  15 salamanders
  A shining eye (shapeshifter) (Vaults:5)
  18 fauns
  4 cyclopes
  3 kobold blastminers (Orc:1)
  12 merfolk sirens
  An elephant (shapeshifter) (Vaults:5)
  11 manticores
  16 elephants
  A torpor snail (Lair:5)
  4 guardian serpents
  An eye of devastation (Snake:4)
  4 water nymphs
  15 naga magi
  2 water nymphs (shapeshifter)
  34 black mambas
  15 vault sentinels
  5 gargoyles
  A kobold demonologist (D:9)
  12 cane toads
  An unseen horror (shapeshifter) (D:15)
  19 yaktaurs
  12 komodo dragons
  A smoke demon (Depths:2)
  4 rime drakes
  A tormentor (Depths:1)
  A yaktaur zombie (Vaults:4)
  3 freezing wraiths
  2 unseen horrors
  8 trolls
  5 polar bears
  7 tengu conjurers
  37 merfolk
  6 hornets
  5 wind drakes
  2 tarantellas
  A glass eye (Depths:4)
  Prince Ribbit (D:8)
  6 snapping turtles
  15 blink frogs
  A spriggan zombie (D:15)
  5 dream sheep (Shoals:3)
  25 slime creatures
  3 jumping spiders
  14 water elementals
  4 air elementals
  2 spriggans
  3 hogs
  3 shadows
  6 wraiths
  33 yaks
  5 wyverns
  18 humans (D:14)
  Grum (D:8)
  5 basilisks
  7 wargs
  A fire elemental (Elf:2)
  2 golden eyes
  4 redbacks (Vaults:1)
  3 steam dragons
  Menkaure (D:5)
  27 nagas
  3 human simulacra (Vaults:4)
  3 acid dragons
  19 water moccasins
  3 ice beasts
  24 orc warriors
  A redback (shapeshifter) (Vaults:5)
  A sky beast (D:7)
  12 ogres
  A black bear (D:9)
  A tengu (D:11)
  A wolf (shapeshifter) (D:15)
  14 wolves
  8 boggarts
  13 centaurs
  3 kobold brigands
  3 lemures (D:7)
  A human zombie (Vaults:4)
  A brain worm (Snake:3)
  17 bullfrogs
  A gnoll sergeant (D:7)
  2 scorpions
  An earth elemental (Elf:1)
  9 wights
  7 killer bees
  5 howler monkeys
  5 bombardier beetles
  5 hounds
  14 orc priests
  8 jellies
  6 iguanas
  22 orc wizards
  A hell rat (D:9)
  8 adders
  3 gnolls (D:3)
  A white imp (D:6)
  2 ufetubi (D:5)
  5 ribbon worms
  4 dart slugs
  76 orcs
  7 bats
  8 endoplasms
  A giant cockroach (D:4)
  6 goblins
  7 hobgoblins
  8 jackals
  25 kobolds
  3 quokkas
  4 ball pythons
  7 frilled lizards
  11 rats
1743 creatures vanquished.

Vanquished Creatures (collateral kills)
  A dread lich (Zot:5)
  Mara (Depths:3)
  2 orbs of fire (Zot:5)
  Sojobo (Vaults:3)
  Jory (Vaults:4)
  the Enchantress (Depths:2)
  Rupert (Lair:5)
  2 Orb Guardians (Zot:5)
  Kirke (D:12)
  A tengu reaver (Vaults:3)
  Ilsuiw (Shoals:3)
  A frost giant (Depths:3)
  2 angels (Vaults:2)
  2 stone giants (Depths:3)
  A yellow draconian (Zot:3)
  2 merfolk impalers
  2 entropy weavers
  A vault guard (Vaults:3)
  An ironbound frostheart (Vaults:3)
  An alligator (Snake:4)
  An ice dragon (Snake:4)
  2 catoblepae (Lair:5)
  An alligator snapping turtle (Shoals:4)
  A death yak (Lair:5)
  A naga sharpshooter (Snake:2)
  A sea snake (Vaults:3)
  3 deep trolls (Vaults:3)
  A lindwurm (Vaults:3)
  An ironbound convoker (Vaults:3)
  A cyclops (Shoals:3)
  5 fauns
  A merfolk siren (Shoals:3)
  A salamander (Snake:4)
  2 naga magi
  A cane toad (Depths:1)
  A komodo dragon (Lair:2)
  A yaktaur (Vaults:1)
  2 merfolk (Shoals:4)
  A dream sheep (Shoals:3)
  11 blink frogs
  A raiju (Snake:4)
  2 slime creatures
  A culicivora (Vaults:3)
  2 yaks (Lair:5)
  A wyvern (Snake:4)
  3 golden eyes
  A hog (D:12)
  2 nagas
  A water moccasin (Snake:4)
  2 ice beasts (Snake:4)
  4 wolves (Lair:2)
  A centaur (Snake:4)
  A bullfrog (Lair:2)
87 creatures vanquished.

Vanquished Creatures (others)
  A dread lich (Zot:3)
  A storm dragon (Zot:3)
  A fire giant (Vaults:5)
  2 ghost moths
  A spark wasp (Zot:3)
  A yaktaur captain (Vaults:1)
  A faun (Shoals:1)
  A manticore (D:13)
  A naga mage (Snake:4)
  A vampire (D:13)
  2 humans (D:13)
13 creatures vanquished.

Grand Total: 1843 creatures vanquished

Notes
Turn   | Place    | Note
-------+----------+-------------------------------------------
     0 | D:1      | whatisthis the Demonspawn Artificer began the quest for the
                  | Orb.
     0 | D:1      | Reached XP level 1. HP: 15/15 MP: 1/1
    16 | D:1      | Reached skill level 1 in Dodging
   131 | D:1      | Gained mutation: You regenerate magic rapidly. [demonic
                  | ancestry]
   131 | D:1      | Reached XP level 2. HP: 21/21 MP: 2/2
   591 | D:1      | Reached XP level 3. HP: 27/27 MP: 3/3
  1127 | D:2      | Found a faded altar of an unknown god.
  1149 | D:2      | Gained mutation: You have a pair of small antennae on your
                  | head. [demonic ancestry]
  1149 | D:2      | Reached XP level 4. HP: 34/34 MP: 4/4
  1847 | D:3      | Gained mutation: You are partially covered in molten
                  | scales. (AC +2) [demonic ancestry]
  1847 | D:3      | Reached XP level 5. HP: 24/41 MP: 5/5
  2226 | D:4      | Found a sparkling altar of Nemelex Xobeh.
  2326 | D:4      | Became a worshipper of Nemelex Xobeh the Trickster
  2535 | D:4      | Gained mutation: You are partially covered in sharp spines.
                  | [demonic ancestry]
  2535 | D:4      | Reached XP level 6. HP: 14/48 MP: 6/6
  3162 | D:4      | Gained mutation: When hurt, damage is shared between your
                  | health and your magic reserves. [demonic ancestry]
  3162 | D:4      | Reached XP level 7. HP: 55/55 MP: 7/7
  3315 | D:4      | Found a burning altar of Makhleb.
  3374 | D:5      | Entered Level 5 of the Dungeon
  3374 | D:5      | Noticed Edmund
  3515 | D:5      | Reached skill level 1 in Long Blades
  3741 | D:5      | Reached skill level 5 in Fighting
  3789 | D:5      | Reached * piety under Nemelex Xobeh
  3789 | D:5      | Noticed Menkaure
  3794 | D:5      | Killed Menkaure
  3910 | D:5      | Found an ancient bone altar of Kikubaaqudgha.
  3983 | D:5      | Reached XP level 8. HP: 37/64 MP: 6/8
  4270 | D:5      | Received a gift from Nemelex Xobeh
  4961 | D:6      | Found a staircase to the Ecumenical Temple.
  5158 | D:6      | Reached skill level 5 in Long Blades
  5366 | D:5      | Gained mutation: When low on magic, you restore magic in
                  | place of health. [demonic ancestry]
  5366 | D:5      | Reached XP level 9. HP: 31/74 MP: 4/9
  5798 | D:6      | Identified the +10 ring mail of Izicwov {*Corrode rElec
                  | rC++ Str+4}
  6039 | D:7      | Reached ** piety under Nemelex Xobeh
  6402 | D:6      | Reached skill level 5 in Evocations
  6978 | D:7      | Received a gift from Nemelex Xobeh
  7360 | D:8      | Noticed Pikel
  7417 | D:8      | You are sucked into a shaft and drop 3 floors!
  7458 | D:11     | Noticed a green ugly thing
  7458 | D:11     | Noticed a purple ugly thing
  7477 | D:11     | Killed a brown ugly thing
  7478 | D:11     | Gained mutation: You are mostly covered in molten scales.
                  | (AC +3) [demonic ancestry]
  7478 | D:11     | Reached XP level 10. HP: 70/85 MP: 8/10
  7484 | D:11     | Killed a brown ugly thing
  7485 | D:11     | Reached skill level 10 in Fighting
  7538 | D:11     | Noticed a two-headed ogre
  7651 | D:11     | Received a gift from Nemelex Xobeh
  7701 | D:10     | Entered Level 10 of the Dungeon
  7748 | D:9      | Reached *** piety under Nemelex Xobeh
  7776 | D:9      | Noticed an orange demon
  8063 | D:9      | Received a gift from Nemelex Xobeh
  8105 | D:8      | Killed Pikel
  8263 | D:8      | Noticed Prince Ribbit
  8273 | D:8      | Killed Prince Ribbit
  8389 | D:8      | Noticed Grum
  8441 | D:8      | Killed Grum
  8550 | D:8      | Received a gift from Nemelex Xobeh
  9172 | D:8      | Found a blossoming altar of Fedhas.
  9639 | D:9      | Found a staircase to the Lair.
  9697 | D:9      | Reached **** piety under Nemelex Xobeh
 10217 | D:9      | Gained mutation: You are completely covered in molten
                  | scales. (AC +4, rF+) [demonic ancestry]
 10217 | D:9      | Reached XP level 11. HP: 93/93 MP: 11/11
 10273 | D:9      | Received a gift from Nemelex Xobeh
 10659 | D:10     | Noticed a two-headed ogre
 10861 | D:10     | Found a shadowy altar of Dithmenos.
 11041 | D:10     | Received a gift from Nemelex Xobeh
 11269 | D:10     | Killed a two-headed ogre
 11350 | D:10     | Found a snail-covered altar of Cheibriados.
 11511 | Lair:1   | Entered Level 1 of the Lair of Beasts
 11759 | Lair:1   | Reached skill level 10 in Long Blades
 12066 | Lair:1   | Reached skill level 5 in Dodging
 12085 | Lair:1   | Received a gift from Nemelex Xobeh
 12312 | Lair:1   | Reached ***** piety under Nemelex Xobeh
 13244 | Lair:2   | Reached XP level 12. HP: 85/103 MP: 12/12
 13611 | Lair:2   | Found a staircase to the Snake Pit.
 13999 | Lair:2   | Found a staircase to the Shoals.
 14584 | Lair:3   | Received a gift from Nemelex Xobeh
 15174 | Lair:3   | Received a gift from Nemelex Xobeh
 15829 | Lair:4   | Gained mutation: You have a pair of antennae on your head.
                  | [demonic ancestry]
 15829 | Lair:4   | Reached XP level 13. HP: 112/112 MP: 13/13
 16384 | Lair:4   | Reached skill level 1 in Invocations
 16728 | Lair:4   | Reached skill level 5 in Invocations
 17561 | Lair:5   | Entered Level 5 of the Lair of Beasts
 17959 | Lair:5   | Received a gift from Nemelex Xobeh
 18072 | Lair:5   | Found a staircase to the Slime Pits.
 18225 | Lair:5   | Noticed Josephine
 18298 | Lair:5   | Killed Josephine
 18615 | Lair:5   | Noticed Rupert
 18620 | Lair:5   | Identified the +1 long sword "Newtbane" {freeze, Fly}
 18639 | Lair:5   | Killed Rupert
 18668 | Lair:5   | Found a runed translucent gate.
 18668 | Lair:5   | Found a runed translucent gate.
 18668 | Lair:5   | Found a runed translucent gate.
 18669 | Lair:5   | Noticed Biteasusk's ghost (journeyman MiFi)
 18743 | Lair:5   | Received a gift from Nemelex Xobeh
 19024 | Lair:4   | Gained mutation: Your magical and physical power is
                  | slightly enhanced at high health. [demonic ancestry]
 19024 | Lair:4   | Reached XP level 14. HP: 117/121 MP: 20/20
 19582 | Lair:5   | Reached skill level 15 in Fighting
 19582 | Lair:5   | Reached skill level 10 in Dodging
 19695 | Lair:5   | Got the Secrets of Terrain and Angles
 20161 | D:11     | Received a gift from Nemelex Xobeh
 20522 | D:11     | Found a broken altar of Ashenzari.
 20656 | D:11     | Reached ****** piety under Nemelex Xobeh
 20692 | D:11     | Found a staircase to the Orcish Mines.
 20861 | D:12     | Noticed Jorgrun
 20873 | D:12     | Killed Jorgrun
 20936 | D:12     | Received a gift from Nemelex Xobeh
 21168 | D:12     | Noticed Urug
 21174 | D:12     | Killed Urug
 21776 | D:12     | Received a gift from Nemelex Xobeh
 22089 | D:13     | Noticed Kirke
 22127 | D:12     | Killed Kirke
 22938 | Snake:1  | Entered Level 1 of the Snake Pit
 23361 | Snake:1  | Received a gift from Nemelex Xobeh
 23644 | Snake:1  | Received a gift from Nemelex Xobeh
 23787 | Snake:1  | Got the Elucidation of the Cumulonimbus and Detritus
 24093 | Snake:1  | Reached XP level 15. HP: 89/131 MP: 17/21
 24878 | Snake:2  | Noticed a nagaraja
 24884 | Snake:2  | Killed a nagaraja
 25249 | Snake:2  | Noticed a nagaraja
 25269 | Snake:2  | Killed a nagaraja
 25428 | Snake:2  | Received a gift from Nemelex Xobeh
 26079 | Snake:3  | Found Pimakhim's Armour Boutique.
 26442 | Snake:3  | Received a gift from Nemelex Xobeh
 27137 | Snake:4  | Entered Level 4 of the Snake Pit
 27203 | Snake:4  | Reached skill level 15 in Long Blades
 27537 | Snake:4  | Received a gift from Nemelex Xobeh
 27562 | Snake:4  | Identified the +0 ring mail of Restlessness {rPois Int+3}
 27645 | Snake:4  | Noticed Vashnia
 27646 | Snake:4  | Identified the -1 quarterstaff of the Vase {chaos, Str+5
                  | Stlth+}
 27649 | Snake:4  | Vashnia changed into Vashnia the ice dragon
 27649 | Snake:4  | Noticed Vashnia
 27662 | Snake:4  | Killed Vashnia the ice dragon
 28277 | Snake:4  | Gained mutation: You have a pair of large antennae on your
                  | head. (SInv) [demonic ancestry]
 28277 | Snake:4  | Reached XP level 16. HP: 141/141 MP: 22/22
 29179 | Snake:4  | Noticed Asterion
 29186 | Snake:4  | Asterion changed into Asterion the eye of devastation
 29186 | Snake:4  | Noticed Asterion
 29189 | Snake:4  | Killed Asterion the eye of devastation
 29640 | Snake:4  | Identified the +2 trident of Beogh, Enfolding {freeze,
                  | *Noise rElec rF+++ rC-}
 29960 | Snake:4  | Received a gift from Nemelex Xobeh
 29985 | Snake:4  | Got a serpentine rune of Zot
 30473 | Shoals:1 | Entered Level 1 of the Shoals
 30483 | Shoals:1 | Noticed Nikola
 30491 | Shoals:1 | Nikola changed into Nikola the troll
 30491 | Shoals:1 | Noticed Nikola
 30507 | Lair:2   | Killed Nikola the troll
 30914 | Shoals:1 | Noticed Roxanne
 30942 | Shoals:1 | Found Renlasko's Distillery.
 30948 | Shoals:1 | Bought a potion of invisibility for 104 gold pieces
 30948 | Shoals:1 | Bought a potion of curing for 39 gold pieces
 30948 | Shoals:1 | Bought a potion of enlightenment for 65 gold pieces
 31036 | Shoals:1 | Identified the serpent talisman of Fuack {rC+ Str+3 Int+3
                  | Slay+2}
 31036 | Shoals:1 | Noticed Aizul
 31038 | Shoals:1 | Received a gift from Nemelex Xobeh
 31041 | Shoals:1 | Aizul changed into Aizul the brown ugly thing
 31041 | Shoals:1 | Noticed Aizul
 31046 | Shoals:1 | Killed Aizul the cyan ugly thing
 31325 | Shoals:1 | Found a runed translucent gate.
 31325 | Shoals:1 | Found a runed translucent gate.
 31325 | Shoals:1 | Found a runed translucent gate.
 31326 | Shoals:1 | Noticed Otiqe's ghost (adept DsWn)
 31463 | Shoals:2 | Received a gift from Nemelex Xobeh
 31916 | Shoals:2 | Noticed Polyphemus
 32279 | Shoals:2 | Killed Polyphemus
 32445 | Shoals:3 | Received a gift from Nemelex Xobeh
 32700 | Shoals:3 | Noticed Ilsuiw
 32836 | Shoals:3 | Killed Ilsuiw
 32920 | Shoals:3 | Noticed Donald
 32927 | Shoals:3 | Killed Donald
 32952 | Shoals:3 | Received a gift from Nemelex Xobeh
 33178 | Shoals:3 | Gained mutation: Your magical and physical power is
                  | enhanced at high health. [demonic ancestry]
 33178 | Shoals:3 | Reached XP level 17. HP: 149/151 MP: 23/23
 33478 | Shoals:4 | Entered Level 4 of the Shoals
 33521 | Shoals:4 | Noticed Mlioglotl
 33523 | Shoals:4 | Mlioglotl changed into Mlioglotl the soul eater
 33523 | Shoals:4 | Noticed Mlioglotl
 33530 | Shoals:4 | Killed Mlioglotl the soul eater
 34212 | Shoals:4 | Identified the staff of the Spinneret {*Corrode ^Fragile
                  | rElec Int+9 Earth}
 35170 | Shoals:4 | Reached skill level 10 in Invocations
 35306 | Shoals:4 | Received a gift from Nemelex Xobeh
 35506 | Shoals:4 | Noticed Bai Suzhen
 35545 | Shoals:4 | Killed Bai Suzhen
 35558 | Shoals:4 | Reached skill level 15 in Dodging
 35626 | Shoals:4 | Got a barnacled rune of Zot
 37219 | D:13     | Reached skill level 1 in Shields
 37327 | D:14     | Received a gift from Nemelex Xobeh
 37658 | D:14     | Found a gate to the Vaults.
 38082 | D:15     | Entered Level 15 of the Dungeon
 38220 | D:15     | Received a gift from Nemelex Xobeh
 38481 | D:15     | Found an ancient bone altar of Kikubaaqudgha.
 38482 | D:15     | Received a gift from Nemelex Xobeh
 38733 | D:15     | Found a runed translucent door.
 38733 | D:15     | Found a shimmering altar of Xom.
 38733 | D:15     | Noticed Xoisk's ghost (journeyman OnCA)
 38733 | D:15     | Identified the +6 glaive "Xumouw" {chaos, Dex+7 Stlth-}
 38917 | D:15     | Found a staircase to the Depths.
 38930 | D:15     | Gained mutation: Your magical and physical power is greatly
                  | enhanced at high health. [demonic ancestry]
 38930 | D:15     | Reached XP level 18. HP: 161/161 MP: 27/27
 39037 | D:15     | Received a gift from Nemelex Xobeh
 39549 | Orc:1    | Entered Level 1 of the Orcish Mines
 39574 | Orc:1    | Noticed Fannar
 39580 | Orc:1    | Fannar changed into Fannar the yak
 39580 | Orc:1    | Noticed Fannar
 39584 | Orc:1    | Killed Fannar the yak
 39711 | Orc:1    | Received a gift from Nemelex Xobeh
 39858 | Orc:2    | Entered Level 2 of the Orcish Mines
 39858 | Orc:2    | Found a staircase to the Elven Halls.
 39878 | Orc:2    | Found a roughly hewn altar of Beogh.
 40129 | Orc:2    | Received a gift from Nemelex Xobeh
 40288 | Orc:2    | Received a gift from Nemelex Xobeh
 40294 | Orc:2    | Noticed Erolcha
 40391 | Orc:2    | Killed Erolcha
 40419 | Orc:2    | Found a roughly hewn altar of Beogh.
 40424 | Orc:2    | Reached skill level 5 in Shields
 40430 | Orc:2    | Found Uzamel's Antique Armour Shop.
 40446 | Orc:2    | Found Rekaul Zot's General Store.
 40457 | Orc:2    | Found Dif Xairch's Book Shop.
 40468 | Orc:2    | Found a burning altar of Makhleb.
 40559 | Orc:2    | Found a roughly hewn altar of Beogh.
 40594 | Orc:2    | Found Koanon's Antique Weapon Shop.
 40661 | Orc:2    | Bought a potion of brilliance for 52 gold pieces
 40661 | Orc:2    | Bought 5 curare-tipped darts for 78 gold pieces
 40661 | Orc:2    | Bought a scroll of identify for 26 gold pieces
 40999 | Orc:1    | Found a roughly hewn altar of Beogh.
 41090 | Elf:1    | Entered Level 1 of the Elven Halls
 41305 | Elf:1    | Paralysed by an air elemental for 1 turns
 41727 | Elf:1    | Received a gift from Nemelex Xobeh
 42198 | Elf:2    | Paralysed by an air elemental for 1 turns
 42255 | Elf:2    | Paralysed by an air elemental for 1 turns
 42643 | Elf:2    | Found a runed translucent gate.
 42644 | Elf:2    | Found a runed translucent gate.
 42644 | Elf:2    | Found a runed translucent gate.
 42856 | Vaults:1 | Entered Level 1 of the Vaults
 42967 | Vaults:1 | Received a gift from Nemelex Xobeh
 43607 | Vaults:1 | Reached skill level 15 in Invocations
 43611 | Vaults:1 | Gained mutation: You are mostly covered in sharp spines.
                  | [demonic ancestry]
 43611 | Vaults:1 | Reached XP level 19. HP: 123/170 MP: 24/30
 44223 | Vaults:1 | Received a gift from Nemelex Xobeh
 44603 | Vaults:1 | Received a gift from Nemelex Xobeh
 45357 | Vaults:2 | Received a gift from Nemelex Xobeh
 45430 | Vaults:2 | Found a crumbling gateway.
 45571 | Vaults:2 | Received a gift from Nemelex Xobeh
 45574 | Vaults:2 | You fall into a shaft and drop 2 floors!
 46370 | Vaults:3 | Received a gift from Nemelex Xobeh
 46374 | Vaults:3 | Found Ukozxob's Armour Emporium.
 46840 | Vaults:2 | Received a gift from Nemelex Xobeh
 47099 | Vaults:3 | Reached skill level 10 in Shields
 47215 | Vaults:3 | Identified the storm talisman of the Invisible Ships {rF-
                  | Int+3 Dex+2 Slay+2}
 47215 | Vaults:3 | Noticed Sojobo
 47229 | Vaults:3 | Killed Sojobo
 47230 | Vaults:3 | Gained mutation: You are completely covered in sharp
                  | spines. [demonic ancestry]
 47230 | Vaults:3 | Reached XP level 20. HP: 152/181 MP: 27/32
 47273 | Vaults:3 | Found Pourphaxzo's Antique Armour Boutique.
 47287 | Vaults:3 | Bought a pair of embroidered boots for 202 gold pieces
 47312 | Vaults:3 | Found Egecs's Armour Shoppe.
 47816 | Vaults:3 | Found a staircase to the Crypt.
 47832 | Vaults:3 | Received a gift from Nemelex Xobeh
 48276 | Vaults:4 | Received a gift from Nemelex Xobeh
 48452 | Vaults:4 | Noticed Jory
 48475 | Vaults:4 | Killed Jory
 48536 | Vaults:4 | Found a runed translucent gate.
 48536 | Vaults:4 | Found a runed translucent gate.
 48537 | Vaults:4 | Found a runed translucent gate.
 48537 | Vaults:4 | Noticed Ruich's ghost (adept TeBe)
 48753 | Vaults:4 | Received a gift from Nemelex Xobeh
 49171 | Vaults:4 | Noticed a dread lich
 49175 | Vaults:4 | Noticed a golden dragon
 49524 | Depths:1 | Entered Level 1 of the Depths
 50261 | Depths:1 | Found a gateway to Hell.
 50417 | Depths:1 | Identified the +1 long sword "Plog" {freeze, *Noise rC+++
                  | Will+ Int-3}
 50651 | Depths:1 | Received a gift from Nemelex Xobeh
 50669 | Depths:1 | Found a one-way gate leading to the halls of Pandemonium.
 51068 | Depths:1 | Found a hazy altar of Hepliaklqana.
 51732 | Depths:2 | Identified the +10 dagger of Eciod {drain, rC- rN++ MP+9
                  | Stlth+}
 52309 | Depths:2 | Noticed a juggernaut
 52309 | Depths:2 | Noticed a caustic shrike
 52311 | Depths:2 | Identified the -2 quarterstaff of Conscience {freeze, rF++
                  | Will+ rCorr Int-3}
 52311 | Depths:2 | Noticed a golden dragon
 52393 | Depths:2 | Killed a juggernaut
 52394 | Depths:2 | Reached XP level 21. HP: 190/190 MP: 34/34
 52401 | Depths:2 | Killed a golden dragon
 52505 | Depths:2 | a caustic shrike changed into a storm dragon
 52509 | Depths:2 | Identified the ring "Mayrisuh" {Ice rPois Str+3 Int-5
                  | Dex+3}
 52523 | Depths:2 | Identified the +9 rapier of Vowk {drain, ^Fragile rF+ rC+
                  | SInv}
 52680 | Depths:2 | Identified the +2 ring mail of Indecent Exposure {rPois
                  | Str+4}
 52802 | Depths:2 | Got Tecrurraula's Tome of Gusty Conjuring
 52984 | Depths:3 | Received a gift from Nemelex Xobeh
 53143 | Depths:3 | Found a one-way gate to the infinite horrors of the Abyss.
 53222 | Depths:3 | Found Bun Riu's Antique Armour Shop.
 53222 | Depths:3 | Found Higetet's Book Boutique.
 53225 | Depths:3 | Found Xinieh's Magic Scroll Shop.
 53234 | Depths:3 | Bought a scroll of silence for 123 gold pieces
 53234 | Depths:3 | Bought a scroll of acquirement for 676 gold pieces
 53234 | Depths:3 | Bought a scroll of identify for 26 gold pieces
 53234 | Depths:3 | Bought a scroll of teleportation for 39 gold pieces
 53234 | Depths:3 | Bought a scroll of revelation for 97 gold pieces
 53234 | Depths:3 | Bought a scroll of teleportation for 39 gold pieces
 53234 | Depths:3 | Bought a scroll of summoning for 123 gold pieces
 53234 | Depths:3 | Acquired 717 gold pieces
 53293 | Depths:3 | Noticed Mara
 53304 | Depths:3 | Killed Mara
 53451 | Depths:3 | Received a gift from Nemelex Xobeh
 53457 | Depths:3 | Noticed Vv
 53561 | Depths:3 | Noticed Mennas
 53598 | Depths:3 | Killed Vv
 54027 | Depths:4 | Entered Level 4 of the Depths
 54085 | Depths:4 | Noticed a caustic shrike
 54099 | Depths:4 | Noticed a caustic shrike
 54099 | Depths:4 | Noticed a caustic shrike
 54102 | Depths:4 | Noticed a caustic shrike
 54107 | Depths:3 | Killed a caustic shrike
 54146 | Depths:3 | Killed a caustic shrike
 54152 | Depths:3 | Killed a caustic shrike
 54203 | Depths:3 | Killed a caustic shrike
 54348 | Depths:4 | Noticed the Enchantress
 54420 | Depths:4 | Noticed a golden dragon
 54775 | Depths:3 | Killed a golden dragon
 55026 | Depths:4 | Received a gift from Nemelex Xobeh
 55080 | Depths:4 | Noticed a golden dragon
 55081 | Depths:4 | Found a gate to the Realm of Zot.
 55099 | Depths:4 | Killed a golden dragon
 55958 | Depths:4 | Found a one-way gateway to a ziggurat.
 55958 | Depths:4 | Noticed a caustic shrike
 55958 | Depths:4 | Noticed a caustic shrike
 55958 | Depths:4 | Noticed a caustic shrike
 55959 | Depths:4 | Noticed a dread lich
 56338 | Depths:4 | Noticed a golden dragon
 56349 | Depths:4 | Killed a golden dragon
 56943 | Vaults:5 | Entered Level 5 of the Vaults
 57106 | Vaults:5 | Reached XP level 22. HP: 179/200 MP: 36/36
 57341 | Vaults:5 | Got a silver rune of Zot
 57377 | Vaults:5 | Received a gift from Nemelex Xobeh
 57500 | Vaults:5 | Noticed a dread lich
 57512 | Vaults:5 | Killed a dread lich
 57756 | Vaults:5 | Identified the +1 pair of gloves "Ciaceg" {Rampage rN+}
 58069 | Vaults:5 | Noticed a golden dragon
 58083 | Vaults:5 | Killed a golden dragon
 58087 | Vaults:5 | Identified the ring of the Bespelled Mango {Ice rPois
                  | Str+5}
 58180 | Vaults:5 | Identified the +6 morningstar of Gecep {flame, rF+}
 58212 | Vaults:5 | Noticed an ancient lich
 58247 | Vaults:5 | Killed an ancient lich
 58331 | Vaults:5 | Identified the +6 quarterstaff of Domination {pain, ^Contam
                  | rN++ Str+3 Stlth+}
 59060 | Vaults:5 | Noticed a golden dragon
 59071 | Vaults:5 | Killed a golden dragon
 59081 | Vaults:5 | Got the Spellbook of Conjury
 60139 | Zot:1    | Entered Level 1 of the Realm of Zot
 60570 | Zot:1    | Noticed a golden dragon
 60912 | Depths:4 | Killed a golden dragon
 61048 | Zot:1    | Received a gift from Nemelex Xobeh
 61169 | Zot:1    | Found a runed translucent door.
 61170 | Zot:1    | Received a gift from Nemelex Xobeh
 61171 | Zot:1    | Noticed Rudyous's ghost (veteran DrIE)
 61205 | Zot:1    | You fall into a shaft and drop 1 floor!
 61371 | Zot:2    | Noticed a golden dragon
 61398 | Zot:2    | Killed a golden dragon
 61399 | Zot:2    | Reached XP level 23. HP: 113/209 MP: 24/38
 63265 | Zot:1    | Received a gift from Nemelex Xobeh
 64159 | Zot:3    | Received a gift from Nemelex Xobeh
 65308 | Zot:3    | Noticed a dread lich
 65507 | Zot:3    | Paralysed by a dread lich for 3 turns
 65514 | Zot:3    | Paralysed by a dread lich for 4 turns
 65514 | Zot:3    | Killed a dread lich
 65792 | Zot:4    | Noticed an orb of fire
 65801 | Zot:4    | Gained mutation: You occasionally lose the ability to read
                  | scrolls when taking damage. [an orb of fire]
 66050 | Zot:3    | Gained mutation: Your spells are a little easier to cast,
                  | but a little less powerful. [an orb of fire]
 66050 | Zot:3    | Gained mutation: You are weak. (Str -2) [an orb of fire]
 66057 | Zot:3    | Gained mutation: Your flesh is cold resistant. (rC+) [an
                  | orb of fire]
 66058 | Zot:3    | Killed an orb of fire
 66419 | Zot:3    | Lost mutation: You occasionally lose the ability to read
                  | scrolls when taking damage. [potion of mutation]
 66419 | Zot:3    | Lost mutation: You are weak. (Str -2) [potion of mutation]
 66419 | Zot:3    | Lost mutation: Your flesh is cold resistant. (rC+) [potion
                  | of mutation]
 66419 | Zot:3    | Gained mutation: Armour fits poorly on your strangely
                  | shaped body. [potion of mutation]
 66419 | Zot:3    | Gained mutation: You have hidden genetic potential. [potion
                  | of mutation]
 66419 | Zot:3    | Gained mutation: You expend magic power (3 MP) to
                  | strengthen your wands. [potion of mutation]
 66419 | Zot:3    | Gained mutation: Your mind is acute. (Int +4, Str/Dex -1)
                  | [potion of mutation]
 66420 | Zot:3    | Lost mutation: Your spells are a little easier to cast, but
                  | a little less powerful. [potion of mutation]
 66420 | Zot:3    | Lost mutation: Armour fits poorly on your strangely shaped
                  | body. [potion of mutation]
 66420 | Zot:3    | Lost mutation: You expend magic power (3 MP) to strengthen
                  | your wands. [potion of mutation]
 66420 | Zot:3    | Gained mutation: You are agile. (Dex +4, Str/Int -1)
                  | [potion of mutation]
 66420 | Zot:3    | Gained mutation: You occasionally shout uncontrollably at
                  | your foes. [potion of mutation]
 66424 | Zot:4    | Noticed a curse toe
 66436 | Zot:4    | Killed a curse toe
 66548 | Zot:4    | Received a gift from Nemelex Xobeh
 66773 | Zot:3    | Reached XP level 24. HP: 219/220 MP: 39/39
 67390 | Zot:5    | Entered Level 5 of the Realm of Zot
 67390 | Zot:5    | Found a huge runed translucent gate.
 67390 | Zot:5    | Found a huge runed translucent gate.
 67390 | Zot:5    | Found a huge runed translucent gate.
 67390 | Zot:5    | Found a huge runed translucent gate.
 67390 | Zot:5    | Found a huge runed translucent gate.
 67419 | Zot:5    | Found a huge runed translucent gate.
 67419 | Zot:5    | Found a huge runed translucent gate.
 67420 | Zot:5    | Found a huge runed translucent gate.
 67420 | Zot:5    | Found a huge runed translucent gate.
 67421 | Zot:5    | Found a huge runed translucent gate.
 67421 | Zot:5    | Found a huge runed translucent gate.
 67422 | Zot:5    | Found a huge runed translucent gate.
 67423 | Zot:5    | Found a huge runed translucent gate.
 67424 | Zot:5    | Found a huge runed translucent gate.
 67426 | Zot:5    | Found a huge runed translucent gate.
 67902 | Zot:5    | Found a huge runed translucent gate.
 67902 | Zot:5    | Found a huge runed translucent gate.
 67906 | Zot:5    | Found a huge runed translucent gate.
 67907 | Zot:5    | Found a huge runed translucent gate.
 67908 | Zot:5    | Found a huge runed translucent gate.
 67908 | Zot:5    | Found a huge runed translucent gate.
 67910 | Zot:5    | Found a huge runed translucent gate.
 67911 | Zot:5    | Found a huge runed translucent gate.
 67912 | Zot:5    | Found a huge runed translucent gate.
 67913 | Zot:5    | Found a huge runed translucent gate.
 67913 | Zot:5    | Found a huge runed translucent gate.
 67917 | Zot:5    | Found a huge runed translucent gate.
 67918 | Zot:5    | Found a huge runed translucent gate.
 67919 | Zot:5    | Found a huge runed translucent gate.
 67929 | Zot:5    | Found a huge runed translucent gate.
 67930 | Zot:5    | Found a huge runed translucent gate.
 67931 | Zot:5    | Found a huge runed translucent gate.
 67932 | Zot:5    | Found a huge runed translucent gate.
 67933 | Zot:5    | Found a huge runed translucent gate.
 67933 | Zot:5    | Found a huge runed translucent gate.
 67937 | Zot:5    | Found a huge runed translucent gate.
 68178 | Zot:5    | Noticed a dread lich
 68201 | Zot:5    | Paralysed by a dread lich for 3 turns
 68206 | Zot:5    | Killed a dread lich
 68371 | Zot:5    | Noticed a Killer Klown
 68385 | Zot:5    | Noticed a Killer Klown
 68399 | Zot:5    | Killed a Killer Klown
 68425 | Zot:5    | Killed a Killer Klown
 68455 | Zot:5    | Noticed a Killer Klown
 68486 | Zot:5    | Killed a Killer Klown
 68497 | Zot:5    | Noticed a dread lich
 68507 | Zot:5    | Killed a dread lich
 68516 | Zot:5    | Noticed a Killer Klown
 68518 | Zot:5    | Noticed an orb of fire
 68555 | Zot:5    | Killed an orb of fire
 68667 | Zot:5    | Noticed a Killer Klown
 68701 | Zot:5    | Killed a Killer Klown
 68839 | Zot:5    | Killed a Killer Klown
 68848 | Zot:5    | Noticed an orb of fire
 68851 | Zot:5    | Gained mutation: You sometimes lose your temper in combat.
                  | [an orb of fire]
 68853 | Zot:5    | Lost mutation: You have hidden genetic potential. [potion
                  | of mutation]
 68853 | Zot:5    | Lost mutation: You sometimes lose your temper in combat.
                  | [potion of mutation]
 68853 | Zot:5    | Gained mutation: You are resistant to electric shocks.
                  | (rElec) [potion of mutation]
 68872 | Zot:5    | Killed an orb of fire
 69018 | Zot:5    | Noticed a Killer Klown
 69041 | Zot:5    | Killed a Killer Klown
 70198 | Zot:5    | Noticed a Killer Klown
 70219 | Zot:5    | Killed a Killer Klown
 70229 | Zot:5    | Noticed a Killer Klown
 70241 | Zot:5    | Noticed a Killer Klown
 70261 | Zot:5    | Killed a Killer Klown
 70279 | Zot:5    | Killed a Killer Klown
 70378 | Zot:5    | Noticed a Killer Klown
 70419 | Zot:5    | Killed a Killer Klown
 70499 | Zot:5    | Received a gift from Nemelex Xobeh
 70565 | Zot:5    | Noticed a dread lich
 70588 | Zot:5    | Noticed an orb of fire
 70740 | Zot:5    | Killed an orb of fire
 70761 | Zot:5    | Noticed an orb of fire
 70771 | Zot:5    | Killed an orb of fire
 70773 | Zot:5    | Killed a dread lich
 70774 | Zot:5    | Reached XP level 25. HP: 214/230 MP: 40/40
 70791 | Zot:5    | Noticed an ancient lich
 70806 | Zot:5    | Killed an ancient lich
 71016 | Zot:5    | Got the Orb of Zot
 71304 | Depths:2 | Identified the +2 trident "Azoxesm" {freeze, rC- Int+4}
 71307 | Depths:2 | Killed the Enchantress
 71669 | D:$      | Escaped with the Orb!

Illustrated notes

Levels and vault maps discovered:
D:1:      roadster_arrival_rocket_small, layout_loops_ring
D:2:      layout_loops_ring, basic_altar,
          hellmonk_ecumenical_altar_pennies_from_heaven
D:3:      layout_rooms
D:4:      dreamdust_elfheim, layout_rooms, kennysheep_mini_moat,
          nemelex_xobeh_ov_fountains_minmay, minmay_unequal
D:5:      layout_loops_ring, kennysheep_mini, minmay_splitting_lines,
          uniq_edmund, uniq_menkaure
D:6:      layout_loops_ring, minmay_temple_entry_nine_rooms
D:7:      layout_gridville, minmay_fractal_squares_diagonal_5
D:8:      layout_gridville, lemuel_tele_altar, mainiacjoe_overflow_paths,
          uniq_pikel, uniq_prince_ribbit1, uniq_grum
D:9:      layout_basic, dpeg_lair_monsters, grunt_ogre_cave,
          minmay_quadrilaterals
D:10:     layout_loops_ring, nicolae_overflow_hidden_temple,
          grunt_dithmenos_smoke_and_mirrors
D:11:     layout_rooms, orc_0_dummy, ashenzari_conservatory_becter
D:12:     layout_loops_ring, serial_co_window_serial, co_window_paths_a,
          co_window_corner_a, co_window_paths_a, co_window_paths_a,
          co_window_paths_a, co_window_paths_a, co_window_of_opportunity_a,
          co_window_paths_a, co_window_paths_a, co_window_of_opportunity_b,
          co_window_corner_b, co_window_broadway_a, co_window_paths_e,
          co_window_4corner_a, glass_columns_a, glass_columns_a,
          glass_columns_c, zin_statuary, uniq_jorgrun, uniq_urug
D:13:     layout_loops_ring, uniq_kirke
D:14:     layout_cave_pools, grunt_vaults_entry_tiered
D:15:     gammafunk_depths_entry_grave, layout_layer_cave,
          chequers_serial_rivers_micro_c, ebering_ghost_xom,
          kiku_gazebo_pond_becter
Lair:1:   layout_long_grid, grunt_megastairs_3
Lair:2:   layout_cellular_growth, elwin_shoals_entry_rooms,
          guppyfry_snake_entry_island
Lair:3:   layout_gridlike, serial_bayou_shore_b
Lair:4:   layout_concentric_octagons
Lair:5:   evilmike_catoblepas_cave, layout_gridlike,
          nicolae_slime_entry_field_trip, ebering_ghost_rock_garden,
          uniq_josephine, uniq_rupert
Shoals:1: layout_shoals, serial_shops, nicolae_shop_rolling_square,
          ebering_ghost_rock_garden, uniq_roxanne, uniq_nikola, uniq_aizul
Shoals:2: layout_shoals, nicolae_shoals_water_elemental_grotto, uniq_polyphemus
Shoals:3: layout_shoals, lemuel_altar_in_water,
          nicolae_shoals_nautilus_by_nature, uniq_donald, uniq_ilsuiw
Shoals:4: shoals_end_grunt_garden, layout_shoals, nicolae_shoals_sun_and_surf,
          uniq_mlioglotl, uniq_bai_suzhen
Snake:1:  layout_gridlike, grunt_megastairs_5
Snake:2:  layout_grid_shapes
Snake:3:  layout_gridlike, serial_shops, shop
Snake:4:  snake_pit, layout_cave_town, uniq_asterion, uniq_vashnia
Orc:1:    layout_caves, basic_altar, uniq_fannar
Orc:2:    grunt_orc_cross, layout_caves, basic_altar,
          mumra_transporter_accident, lemuel_statue_altar, bloody_makhleb
Elf:1:    layout_loops_corners, evilmike_minifort
Elf:2:    nicolae_elf_blades_crystal_corner, layout_geoelf_diagonals
Vaults:1: nicolae_vaults_storage_closets_3, vaults_dpeg_encased_lava,
          nicolae_vaults_more_shelving_2, v_misc_19, vaults_mumra_hex,
          hangedman_vaults_trim, nicolae_vaults_sesquioval_fish, v_misc_8,
          layout_vaults_chaotic_city
Vaults:2: portal_desolation_entry_holy_temple, nicolae_vaults_octothorpe,
          nicolae_vaults_double_plus_1, nicolae_vaults_house_2,
          nicolae_vaults_trapezoid_lopsided_1, v_alt_pattern_1,
          nicolae_vaults_surprise_closet, serial_library_hellmonk_open_cross,
          layout_vaults_omnigrid
Vaults:3: v_rooms_5, grunt_vaults_funnel, nicolae_vaults_spaceships, v_misc_15,
          minmay_crypt_entry_simple_box, nicolae_vaults_little_squares_5,
          nicolae_vaults_stepped_doors, hangedman_vaults_locks, v_misc_14,
          v_rooms_3, vaults_dpeg_diagonal, nicolae_vaults_house_2,
          layout_vaults_ring, serial_shops, shop, shop, nicolae_shop_scrapyard,
          uniq_sojobo
Vaults:4: gammafunk_ghost_spectres, nicolae_vaults_turnstiles,
          nicolae_vaults_antechamber_and_loot_room,
          nicolae_vaults_storage_room_doors, nicolae_vaults_specimen_jars,
          vaults_room_corners, lightli_orcish_oven, hangedman_vaults_maws,
          v_pattern_3, hangedman_vaults_cutoff, nicolae_vaults_tetromino_Z_2,
          nicolae_vaults_trapezoid_lopsided_3, nicolae_vaults_prndl,
          nicolae_vaults_circle_grid_a, layout_vaults_maze, uniq_jory
Vaults:5
Depths:1: layout_long_grid, hell_entry, infiniplex_enter_wizlab_glasses,
          rand_demon_pan_entry_8, minmay_misc_feat_tiny,
          nicolae_hepliaklqana_monster_ancestors
Depths:2: minmay_nine_rooms, layout_cave_pools, rand_demon_pan_entry_7,
          hell_entry, serial_column_ruins, column_ruins_portal_squares,
          column_ruins_corridor_dead_end, column_ruins_grid_1,
          column_ruins_columns_straight
Depths:3: dreamdust_hydra_shepherd, layout_cave_shapes, minmay_crystal_room,
          lightli_too_deep, abyss_entry,
          hangedman_abyss_or_decor_jellyfish_corner, serial_bayou_lagoon_b,
          minmay_shop_star, uniq_mennas, uniq_grunn, uniq_vv, uniq_mara
Depths:4: grunt_zot_entry_gee_three, layout_gridville, enter_ziggurat_d,
          serial_library_hellmonk_layered_room, hell_entry, uniq_enchantress
Zot:1:    nicolae_moth_party, layout_cathedral_of_symmetry,
          regret_index_zotdec_storm_pass, hellmonk_ghost_happy_afterlife,
          skrybe_zot_glass_2
Zot:2:    hangedman_zot_vaults_quadrants, layout_onion,
          hangedman_spider_trapstep
Zot:3:    infiniplex_zot_generator, layout_gridlike, st_small_dragon_hoard_1,
          nzn_random_ring
Zot:4:    layout_misc_corridors, regret_index_zotdec_iron_s
Zot:5:    layout_basic, not_door_vault_due

Skill      XL: |  1  2  3  4  5  6  7  8  9 10 11 12 13 14 15 16 17 18 19 20 21 22 23 24 |
---------------+-------------------------------------------------------------------------+-----
Dodging        | 1 2 3 6 8 9 11 12 14 15 16 17 18 20 | 20.2
Fighting       | 2 3 4 5 8 9 11 12 13 14 16 17 18 19 20 21 22 23 24 25 26 | 26.2
Evocations     | 4 5 7 8 |  8.1
Long Blades    | 3 5 7 9 10 11 12 14 15 16 | 16.4
Invocations    | 8 12 15 17 19 21 23 25 26 | 26.9
Shields        | 3 7 10 12 13 | 13.7
Armour         | |  1.7
Stealth        | |  0.8

Action                     |  1- 3 |  4- 6 |  7- 9 | 10-12 | 13-15 | 16-18 | 19-21 | 22-24 | 25-27 || total
---------------------------+-------+-------+-------+-------+-------+-------+-------+-------+-------++-------
  Melee: Dagger            |    35 |       |       |    26 |     4 |       |       |       |       ||    65
         Club              |     7 |       |       |       |       |       |       |       |       ||     7
         Whip              |    88 |   201 |     8 |       |       |       |       |       |       ||   297
         Falchion          |       |       |   236 |       |       |       |       |       |       ||   236
         Rapier            |       |       |     4 |       |       |       |       |       |       ||     4
         Scimitar          |       |       |    90 |   615 |   491 |       |       |       |       ||  1196
         Great sword       |       |       |       |       |   462 |   641 |       |       |       ||  1103
         Unarmed           |       |       |       |       |     3 |       |       |       |       ||     3
         Double sword      |       |       |       |       |       |   718 |  1384 |  1639 |    31 ||  3772
  Throw: Dart              |       |     6 |    15 |    57 |    63 |    15 |    16 |    33 |       ||   205
         Throwing net      |       |       |       |       |       |       |     5 |       |       ||     5
 Invoke: Draw Destruction  |       |       |     5 |    15 |    45 |    54 |    51 |    32 |     6 ||   208
         Draw Summoning    |       |       |       |     1 |    10 |    12 |    19 |     7 |     5 ||    54
         Draw Escape       |       |       |       |       |     1 |    11 |     6 |    11 |     4 ||    33
         Triple Draw       |       |       |       |       |       |       |     1 |       |       ||     1
         Deal Four         |       |       |       |       |       |       |     1 |       |       ||     1
  Evoke: Wand              |     3 |     3 |    12 |    12 |    11 |    45 |    20 |    24 |     4 ||   134
    Use: Scroll            |       |       |    11 |     5 |     9 |    17 |     9 |    24 |     1 ||    76
         Potion            |       |       |       |       |       |     1 |    12 |    21 |    16 ||    50
   Stab: Sleeping          |     3 |     1 |       |     1 |       |     1 |       |     3 |       ||     9
         Distracted        |       |       |     1 |       |       |     2 |     1 |     3 |       ||     7
         Invisible         |       |       |       |       |       |       |     1 |     2 |       ||     3
 Armour: Leather armour    |    65 |    10 |       |       |       |       |       |       |       ||    75
         Ring mail         |       |   118 |   210 |   428 |   641 |   749 |   627 |   821 |    32 ||  3626
         Skin              |       |       |       |       |     8 |       |       |    11 |       ||    19
  Dodge: Dodged            |    91 |   165 |   202 |   449 |   683 |  1268 |   990 |  1003 |    21 ||  4872
  Block: Kite shield       |       |       |       |       |       |   394 |   929 |  1066 |    29 ||  2418

Table legend: (Time is in decaauts)
 A = Elapsed time spent in this place.
 B = Non-inter-level travel time spent in this place.
 C = Inter-level travel time spent in this place.
 D = Time resting spent in this place.
 E = Time spent auto-exploring this place.
 F = Levels seen in this place.
 G = Mean time per level.
                   A        B        C        D        E       F      G
               +--------+--------+--------+--------+--------+-----+--------+
         Total |  70942 |  67253 |   3689 |  20406 |  17223 |  46 | 1542.2 |
       Dungeon |  18770 |  17416 |   1354 |   3969 |   7032 |  15 | 1251.3 |
          Lair |   8439 |   8119 |    320 |   2300 |   2037 |   5 | 1687.8 |
        Shoals |   5682 |   5180 |    502 |   2332 |    146 |   4 | 1420.5 |
     Snake Pit |   7750 |   7112 |    638 |   2709 |   1711 |   4 | 1937.5 |
  Orcish Mines |   1498 |   1369 |    129 |     39 |    878 |   2 |  749.0 |
   Elven Halls |   1662 |   1535 |    127 |     18 |    884 |   2 |  831.0 |
        Vaults |   9329 |   9002 |    327 |   1808 |   3349 |   5 | 1865.8 |
        Depths |   7647 |   7437 |    210 |   3005 |   1186 |   4 | 1911.8 |
           Zot |  10162 |  10083 |     79 |   4224 |      0 |   5 | 2032.4 |
               +--------+--------+--------+--------+--------+-----+--------+

Top non-repeatable levels by time:
   Zot:5: 3481 daAuts
Depths:4: 2808 daAuts
Vaults:5: 2707 daAuts
   Zot:3: 2670 daAuts
 Snake:4: 2661 daAuts
  Lair:5: 2240 daAuts
Vaults:1: 2131 daAuts
Shoals:3: 2082 daAuts
    D:15: 2075 daAuts
     D:9: 1979 daAuts
  Lair:2: 1900 daAuts
 Snake:3: 1898 daAuts
   Zot:2: 1895 daAuts
Depths:3: 1879 daAuts
  Lair:4: 1860 daAuts
